 Dungeon Crawl Stone Soup version 0.28-a0-850-g09de17f5b5 (webtiles) character file.

Game seed: 18331941679506591623

89154 marklar909 the Warrior (level 15, -2/141 HPs)
             Began as a Palentonga Berserker on Nov 14, 2021.
             Was a High Priest of Trog.
             Slain by a hell knight (24 damage)
             ... on level 12 of the Dungeon.
             The game lasted 00:49:52 (33784 turns).

marklar909 the Warrior (Palentonga Berserker)      Turns: 33784, Time: 00:49:52

Health: -2/141     AC: 33    Str: 33    XL:     15   Next: 48%
Magic:  15/15      EV:  9    Int:  8    God:    Trog [*****.]
Gold:   1324       SH: 11    Dex: 16    Spells: 14/14 levels left

rFire   x . .      SeeInvis +   G - +3 war axe "Hyenyr" {spect, *Rage Str+4 Dex+3}
rCold   + + .      Faith    .   O - +1 buckler {AC+3}
rNeg    . . .      Spirit   .   Q - +0 ice dragon scales
rPois   +          Reflect  +   S - +1 helmet
rElec   .          Harm     .   (no cloak)
rCorr   .          Rampage  .   d - +0 pair of gloves
Will    +....      Rage     20% g - +2 barding {Fly}
Stlth   +.........              P - amulet of reflection
HPRegen 0.33/turn               v - ring of poison resistance
MPRegen 0.14/turn               F - +6 ring of strength

@: flying, studying Armour, curled up
A: large, rugged brown scales 3, see invisible, deformed body, roll 1, armoured
tail, reflexive curl
a: Rolling Charge, Renounce Religion, Berserk, Trog's Hand, Brothers in Arms


You were on level 12 of the Dungeon.
You worshipped Trog.
Trog was extremely pleased with you.
You visited 3 branches of the dungeon, and saw 22 of its levels.
You also visited: Sewer and Bailey.

You collected 2572 gold pieces.
You spent 1248 gold pieces at shops.

Inventory:

Hand Weapons
 a - a +6 vorpal executioner's axe
 b - a +4 broad axe of flaming
 G - the +3 war axe "Hyenyr" (weapon) {spect, *Rage Str+4 Dex+3}
   (You acquired it on level 2 of the Orcish Mines)

   When its wielder attacks, the weapon's spirit leaps out and strikes again.
   The spirit shares a part of any damage it takes with its wielder.
   Str:       It affects your strength (+4).
   Dex:       It affects your dexterity (+3).
   *Rage:     It berserks you when you make melee attacks (+20% chance).
Missiles
 s - 6 javelins
Armour
 d - a +0 pair of gloves (worn)
 g - a +2 barding of flying (worn)
 w - a +0 leather armour of fire resistance
 O - a +1 buckler of protection (worn)
 Q - +0 ice dragon scales (worn)
 S - a +1 helmet (worn)
Jewellery
 l - a ring of resist corrosion
 v - a ring of poison resistance (left hand)
 F - a +6 ring of strength (right hand)
 I - an amulet of the acrobat
 P - an amulet of reflection (around neck)
Wands
 i - a wand of digging (7)
 j - a wand of iceblast (37)
 u - a wand of paralysis (14)
 x - a wand of polymorph (26)
 E - a wand of charming (6)
 J - a wand of flame (21)
 L - a wand of acid (8)
 N - a wand of mindburst (8)
Scrolls
 c - a scroll of fear
 m - 14 scrolls of teleportation
 n - 4 scrolls of fog
 o - 2 scrolls of holy word
 y - 10 scrolls of identify
 B - a scroll of summoning
 K - 5 scrolls of magic mapping
Potions
 e - a potion of ambrosia
 f - a potion of resistance
 h - 6 potions of curing
 k - 4 potions of mutation
 q - 4 potions of attraction
 r - 3 potions of haste
 t - 4 potions of magic
 z - 4 potions of might
 A - 2 potions of invisibility
 C - 2 potions of cancellation
 H - 2 potions of heal wounds
 R - a potion of experience
 T - 4 potions of flight
Miscellaneous
 p - a condenser vane
 D - a lightning rod (4/4) (quivered)


   Skills:
 + Level 16.7 Fighting
 + Level 16.4 Axes
 * Level 10.9 Armour
 + Level 7.0 Dodging
 + Level 4.2 Stealth
 * Level 4.0 Shields
 + Level 0.5 Unarmed Combat
 * Level 8.3 Evocations


You had 14 spell levels left.
You didn't know any spells.
Your spell library was empty.

Dungeon Overview and Level Annotations

Branches:
Dungeon (14/15)            Temple (0/1) D:5            Lair (6/6) D:8
 Shoals (0/4) Lair:2       Spider (0/4) Lair:3        Slime (0/5) Lair:6
    Orc (2/2) D:10            Elf (0/3) Orc:2        Vaults (0/5) D:14
  Sewer (visited)          Bailey (visited)

Altars:
Ashenzari
Cheibriados
Elyvilon
Gozag
Kikubaaqudgha
Makhleb
Okawaru
Sif Muna
Trog
Uskayaw
Vehumet
Wu Jian
Xom
Zin
The Shining One
Jiyva

Shops:
D:8 (*   D:10 :   D:12 *   Orc:2 (=?*[

Portals:
Pandemonium: Orc:2

Annotations:
D:6 2 runed translucent doors, flotson's ghost, novice TeDe
D:9 3 runed translucent doors, Maimakterion's ghost, novice DsFi
D:13 1 runed translucent door, Afosmoedd's ghost, journeyman DrCj
Lair:3 2 transporters, Buacuz's ghost, journeyman NaWn
Lair:4 1 runed translucent door, SirDiesAlot's ghost, journeyman MiDe


Innate Abilities, Weirdness & Mutations

You are completely covered in rugged brown scales. (AC +3, +7% HP)
You have supernaturally acute eyesight. (SInv)
Armour fits poorly on your strangely shaped body.
You can roll at nearby foes to attack.
You have a long armoured tail.
You curl defensively after being hit. (AC +7*)


Message History

You hit the hell hound. You tail-slap the hell hound.
You kill the hell hound!
Trog accepts your kill.
You hit the hell knight but do no damage.
You hit the hell knight.
The hell hound pauses to sniff the ground.
The hell knight hits your +3 war axe "Hyenyr" {spect, *Rage Str+4 Dex+3} with a +0 demon blade!
Your spectral weapon shares its damage with you!
The hell knight casts a spell.
The hell knight seems to speed up.
You slice the hell knight!!
You tail-slap the hell knight, but do no damage.
The hell knight is almost dead.
You hit the hell knight but do no damage.
The hell hound breathes flames at you.
The blast of flame hits the hell knight.
The hell knight completely resists.
The blast of flame hits the hell knight.
The hell knight completely resists.
The blast of flame hits you! The fire burns you terribly!
The hell knight gestures wildly while chanting.
The hell knight seems to speed up.
The hell knight points at you and mumbles some strange words.
The bolt of fire hits the hell knight.
The hell knight completely resists.
The bolt of fire hits you!!! The fire burns you terribly!
The hell knight mumbles some strange words.
The hell knight blinks!
You hear a shout!
You slash the hell knight!
You kill the hell knight!
Trog accepts your kill.
Trog appreciates your killing of a magic user.
You hit the hell knight.
Your +3 war axe "Hyenyr" {spect, *Rage Str+4 Dex+3} hits the hell knight!
The hell knight gestures at you while chanting.
The bolt of fire hits the hell knight.
The hell knight completely resists.
The bolt of fire hits you!!! The fire burns you terribly!
* * * LOW HITPOINT WARNING * * *
The hell knight hits you with a +0 battleaxe!!
You die...

##.#.................#.#.#...##.#
......#############..#.#.........
##.#..# ..#..#.###.####.. #.#..#
####.#..#........... #.#..#
hh#.#..#.#...#####. #.#..#
#.#.#..###......... ##....#
#p≈.#..###......... ..##..#
#p≈§#.............. ..##..#
#(@§#..###......... ..###.#
#p#.#......######## ...##.#
ppp#.#..#.###
......#.#########†#..#.#
......#.......†.).#..#.####
......####≈≈≈≈≈####.......#
..........................#
.........#.#.##.##........#
##.#####.#.#.##.##.#......#


You could see 5 hell knights, a necromancer, 2 hell hounds and a friendly +3 war
axe "Hyenyr" {spect, *Rage Str+4 Dex+3} (summoned).

Vanquished Creatures
  4 vault guards (D:14)
  2 boulder beetles
  7 hydras
  A death knight (D:14)
  An ice dragon (Lair:6)
  2 catoblepae
  3 demonspawn (Orc:2)
  2 two-headed ogres
  2 centaur warriors
  11 death yaks
  9 orc high priests (Orc:2)
  2 hell knights (D:12)
  A fire crab (shapeshifter) (D:14)
  A swamp dragon (shapeshifter) (D:14)
  A deep troll (Orc:2)
  Pikel (D:9)
  A lindwurm (Lair:6)
  3 deep elf pyromancers
  5 orc knights
  7 ugly things
  A necromancer (D:14)
  A manticore (D:14)
  4 orc sorcerers (Orc:2)
  A salamander (shapeshifter) (D:14)
  4 cyclopes
  6 elephants (Lair:6)
  An orange demon (Orc:2)
  5 black mambas
  5 cane toads
  7 torpor snails (Lair:6)
  6 komodo dragons
  2 kobold demonologists
  A hellwing (Orc:2)
  Psyche (D:9)
  A rime drake (Lair:5)
  3 freezing wraiths (D:14)
  A meliai (D:14)
  4 tyrant leeches (Lair:6)
  A polar bear (shapeshifter) (D:8)
  8 hornets (Lair:6)
  A polar bear (Lair:6)
  5 trolls
  18 blink frogs
  14 slime creatures
  A snapping turtle (Lair:2)
  Sigmund (D:2)
  A ynoxinul (Orc:2)
  9 wyverns
  2 vampires
  3 spriggans (Lair:2)
  2 water elementals (D:11)
  64 yaks
  3 wraiths
  8 basilisks
  A steam dragon (Lair:3)
  5 wargs
  2 vampire mosquitoes (D:11)
  Duvessa (D:5)
  6 hell hounds
  19 water moccasins
  4 acid dragons
  An ice beast (D:7)
  3 sky beasts
  A meliai simulacrum (D:14)
  35 orc warriors
  2 black bears (D:8)
  2 hornet zombies
  4 ogres
  18 wolves
  4 centaurs (D:13)
  2 phantoms (D:6)
  Blork the orc (D:5)
  6 kobold brigands
  8 bullfrogs
  A gnoll sergeant (D:9)
  7 scorpions
  Dowan (D:5)
  2 water moccasin skeletons
  20 killer bees
  3 wights (D:9)
  2 electric eels
  6 howler monkeys
  3 hounds
  3 centaur zombies
  A jelly (D:5)
  24 orc priests
  A bullfrog skeleton (D:5)
  2 centaur skeletons
  3 gnoll shamans
  An iguana (D:4)
  9 orc wizards
  4 yak simulacra (D:14)
  Terence (D:2)
  2 polar bear simulacra (D:14)
  A killer bee zombie (D:9)
  2 wolf simulacra (D:14)
  A howler monkey zombie (D:5)
  A howler monkey skeleton (D:6)
  18 gnolls
  2 adders (D:5)
  A river rat (D:4)
  A shadow imp (D:6)
  3 white imps (D:7)
  3 worms
  2 dart slugs
  74 orcs
  4 bats
  6 endoplasms
  6 giant cockroaches
  16 goblins
  9 hobgoblins
  2 jackals (Sewer)
  4 quokkas
  5 ball pythons
  4 frilled lizards
  23 kobolds
  2 rats
  2 river rat simulacra (D:14)
  A bush (D:8)
675 creatures vanquished.

Vanquished Creatures (collateral kills)
  A freezing wraith (D:14)
1 creature vanquished.

Vanquished Creatures (others)
  A hellwing (Orc:2)
  26 fungi
  55 plants
  2 withered plants (D:13)
84 creatures vanquished.

Grand Total: 760 creatures vanquished

Notes
Turn   | Place    | Note
-------+----------+-------------------------------------------
     0 | D:1      | marklar909 the Palentonga Berserker began the quest for the
                  | Orb.
     0 | D:1      | Reached XP level 1. HP: 19/19 MP: 1/1
   258 | D:1      | Reached XP level 2. HP: 14/25 MP: 2/2
   603 | D:1      | You fall into a shaft and drop 1 floor!
   617 | D:2      | Noticed Terence
   625 | D:2      | Killed Terence
   626 | D:2      | Reached XP level 3. HP: 31/31 MP: 3/3
   748 | D:2      | Found a faded altar of an unknown god.
  1170 | D:2      | Reached ** piety under Trog
  1245 | D:2      | Noticed Sigmund
  1259 | D:2      | Killed Sigmund
  1260 | D:2      | Reached XP level 4. HP: 39/39 MP: 4/4
  1260 | D:2      | Reached XP level 5. HP: 44/44 MP: 5/5
  1354 | D:2      | Identified a scroll of acquirement
  1354 | D:2      | Acquired a +1 barding of flying
  1954 | D:1      | Reached skill level 5 in Axes
  2260 | D:3      | Found a burning altar of Makhleb.
  2269 | D:3      | Reached XP level 6. HP: 51/51 MP: 6/6
  3071 | D:4      | Reached skill level 1 in Stealth
  3252 | D:4      | Found a radiant altar of Vehumet.
  3440 | D:4      | Found a glowing drain.
  3451 | Sewer    | Entered a sewer
  3461 | Sewer    | Reached *** piety under Trog
  3508 | Sewer    | Noticed a water moccasin
  3523 | Sewer    | Killed a water moccasin
  3524 | Sewer    | Gained mutation: You curl defensively after being hit. (AC
                  | +7*) [Palentonga growth]
  3524 | Sewer    | Reached XP level 7. HP: 58/58 MP: 7/7
  3890 | D:4      | Found a shimmering altar of Xom.
  4001 | D:4      | Found an iron altar of Okawaru.
  4006 | D:4      | Found an ornate altar of the Wu Jian Council.
  4006 | D:4      | Found a white marble altar of Elyvilon.
  4011 | D:4      | Found a snail-covered altar of Cheibriados.
  4206 | D:5      | Entered Level 5 of the Dungeon
  4275 | D:5      | Noticed Blork the orc
  4281 | D:5      | Killed Blork the orc
  4334 | D:5      | Noticed Dowan
  4340 | D:5      | Noticed Duvessa
  4343 | D:5      | Killed Dowan
  4347 | D:5      | Killed Duvessa
  4348 | D:5      | Reached skill level 5 in Fighting
  4701 | D:5      | Reached XP level 8. HP: 46/66 MP: 8/8
  4891 | D:5      | Found a staircase to the Ecumenical Temple.
  5407 | D:5      | Found a glowing golden altar of the Shining One.
  5893 | D:6      | Found a bloodstained altar of Trog.
  5914 | D:6      | Found a broken altar of Ashenzari.
  6311 | D:6      | Found a large runed translucent door.
  6326 | D:6      | Found a large runed translucent door.
  6329 | D:6      | Noticed flotson's ghost (novice TeDe)
  6749 | D:7      | Reached XP level 9. HP: 49/73 MP: 9/9
  7088 | D:7      | Reached **** piety under Trog
  7890 | D:7      | Acquired a manual of Fighting
  8259 | D:8      | Reached skill level 5 in Dodging
  8435 | D:8      | Noticed a brown ugly thing
  8436 | D:8      | Noticed a polar bear
  8437 | D:8      | Noticed a two-headed ogre
  8802 | D:7      | Killed a brown ugly thing
  8936 | D:8      | Killed a polar bear
  8937 | D:8      | Reached XP level 10. HP: 85/85 MP: 10/10
  8941 | D:8      | Killed a two-headed ogre
  8942 | D:8      | Reached skill level 10 in Axes
  9316 | D:8      | Found a glowing silver altar of Zin.
  9316 | D:8      | Found an opulent altar of Gozag.
  9354 | D:8      | You are sucked into a shaft and drop 3 floors!
  9414 | D:10     | Entered Level 10 of the Dungeon
  9414 | D:10     | Found Toabas's Book Shoppe.
  9513 | D:10     | Reached skill level 5 in Armour
 10069 | D:10     | Found a staircase to the Orcish Mines.
 10185 | D:10     | Found a hide-covered altar of Uskayaw.
 10348 | D:10     | Noticed a two-headed ogre
 10356 | D:10     | Killed a two-headed ogre
 10686 | D:9      | Reached skill level 10 in Fighting
 10695 | D:9      | Reached ***** piety under Trog
 10883 | D:9      | Found a runed translucent gate.
 10883 | D:9      | Found a runed translucent gate.
 10884 | D:9      | Found a runed translucent gate.
 10913 | D:9      | Noticed Maimakterion's ghost (novice DsFi)
 11279 | D:9      | Noticed Psyche
 11311 | D:9      | Killed Psyche
 11312 | D:9      | Reached skill level 1 in Evocations
 11439 | D:9      | Noticed Pikel
 11449 | D:9      | Killed Pikel
 11450 | D:9      | Reached XP level 11. HP: 97/97 MP: 11/11
 11948 | D:8      | Found a staircase to the Lair.
 12116 | D:8      | Found an ancient bone altar of Kikubaaqudgha.
 12160 | D:8      | Found a shimmering blue altar of Sif Muna.
 12215 | D:8      | Found Taarriuc's Weapon Emporium.
 12229 | D:8      | Received a gift from Trog
 12358 | D:8      | Found Ydwy's General Store.
 12363 | D:8      | Bought a potion of curing for 42 gold pieces
 12363 | D:8      | Bought 2 potions of might for 112 gold pieces
 12363 | D:8      | Bought a scroll of enchant weapon for 105 gold pieces
 12363 | D:8      | Bought a scroll of identify for 28 gold pieces
 12757 | Lair:1   | Entered Level 1 of the Lair of Beasts
 15447 | Lair:2   | Found a staircase to the Shoals.
 15499 | Lair:2   | Acquired a +0 vorpal executioner's axe
 15616 | Lair:3   | Reached XP level 12. HP: 96/110 MP: 12/12
 15906 | Lair:3   | Found a hole to the Spider Nest.
 16469 | Lair:3   | Found a transporter.
 16472 | Lair:3   | Found a transporter.
 16675 | Lair:3   | Noticed an eight-headed hydra
 16686 | Lair:3   | Killed a five-headed hydra
 16854 | Lair:3   | Noticed Buacuz's ghost (journeyman NaWn)
 16867 | Lair:3   | Found a bloodstained altar of Trog.
 16937 | Lair:4   | Noticed a death yak
 16937 | Lair:4   | Noticed a death yak
 16937 | Lair:4   | Noticed a death yak
 16937 | Lair:4   | Noticed a death yak
 16940 | Lair:4   | Noticed a death yak
 16942 | Lair:4   | Noticed a death yak
 16945 | Lair:4   | Killed a death yak
 16948 | Lair:4   | Killed a death yak
 16948 | Lair:4   | Killed a death yak
 16948 | Lair:4   | Killed a death yak
 16952 | Lair:4   | Killed a death yak
 16955 | Lair:4   | Killed a death yak
 17654 | Lair:4   | Found a runed translucent door.
 17654 | Lair:4   | Noticed SirDiesAlot's ghost (journeyman MiDe)
 18080 | Lair:4   | You are sucked into a shaft and drop 1 floor!
 18415 | Lair:5   | Noticed an eight-headed hydra
 18664 | Lair:5   | Noticed a six-headed hydra
 18806 | Lair:4   | Killed a five-headed hydra
 18807 | Lair:4   | Reached XP level 13. HP: 121/121 MP: 13/13
 19041 | Lair:5   | Reached skill level 5 in Evocations
 19847 | Lair:6   | Entered Level 6 of the Lair of Beasts
 20413 | Lair:6   | Received a gift from Trog
 20711 | Lair:6   | Reached skill level 15 in Fighting
 21791 | Lair:6   | Found a runed translucent door.
 22532 | Lair:6   | Reached skill level 15 in Axes
 22737 | Lair:6   | Found a viscous altar of Jiyva.
 22737 | Lair:6   | Found a staircase to the Slime Pits.
 23157 | Lair:6   | Reached XP level 14. HP: 101/131 MP: 14/14
 24084 | Orc:1    | Entered Level 1 of the Orcish Mines
 24424 | Orc:2    | Entered Level 2 of the Orcish Mines
 24628 | Orc:2    | Received a gift from Trog
 24651 | Orc:2    | Found a staircase to the Elven Halls.
 25465 | Orc:2    | Found Motum's Armour Shoppe.
 26112 | Orc:2    | Found Eggoehas's Magic Scroll Boutique.
 26401 | Orc:2    | Found Ydwyph's General Store.
 26536 | Orc:2    | Bought a scroll of fog for 30 gold pieces
 26536 | Orc:2    | Bought a scroll of fear for 52 gold pieces
 26536 | Orc:2    | Bought a scroll of identify for 30 gold pieces
 26536 | Orc:2    | Bought a scroll of identify for 30 gold pieces
 28313 | Orc:2    | Found Pamocyhe's Antique Weapon Shoppe.
 28313 | Orc:2    | Found Ishrunna's Jewellery Emporium.
 28314 | Orc:2    | Found a one-way gate leading to the halls of Pandemonium.
 28350 | Orc:2    | Bought a scroll of acquirement for 572 gold pieces
 28350 | Orc:2    | Acquired the +3 war axe "Hyenyr" {spect, *Rage Str+4 Dex+3}
 28890 | D:11     | Received a gift from Trog
 29183 | D:11     | You are sucked into a shaft and drop 3 floors!
 29198 | D:14     | Found a flagged portal.
 29255 | Bailey   | Entered a bailey
 29496 | Bailey   | Reached skill level 1 in Shields
 29890 | D:14     | Found a gate to the Vaults.
 29926 | D:14     | Reached XP level 15. HP: 87/141 MP: 15/15
 30347 | D:14     | Reached skill level 10 in Armour
 31510 | D:13     | Found a runed translucent door.
 31511 | D:13     | Noticed Afosmoedd's ghost (journeyman DrCj)
 33148 | D:12     | Received a gift from Trog
 33256 | D:12     | Found Daumo's General Store.
 33292 | D:12     | Bought a +1 buckler of protection for 247 gold pieces
 33784 | D:12     | Slain by a hell knight

Illustrated notes

Levels and vault maps discovered:
D:1:      heliophobic_arrival_dark_side_of_the_moon, layout_loops_ring
D:2:      layout_loops_cross, hellmonk_ecumenical_altar_pennies_from_heaven,
          nrook_uturn, minmay_misc_feat_tiny, uniq_terence, uniq_sigmund
D:3:      layout_rooms, lemuel_tele_altar
D:4:      layout_cave_pools, fiery_altar_vehumet, mainiacjoe_overflow_alcove_4,
          grunt_temple_overflow_open, cheibrodos_sewer_entry_sluice,
          kennysheep_cluttered_room
D:5:      layout_basic, mainiacjoe_overflow_alcove_2,
          minmay_temple_entry_antechambers, feat_on_display, uniq_duvessa,
          uniq_blork_the_orc
D:6:      layout_loops_ring, old_standard_altar,
          mainiacjoe_overflow_six_doors_small, ebering_ghost_disaster_area,
          kennysheep_generic_room_12
D:7:      layout_rooms, kennysheep_generic_room_3
D:8:      kennysheep_big_flooded_room, layout_basic,
          grunt_temple_overflow_gold_and_silver, general_overflow_altar,
          mainiacjoe_overflow_surrounded_room, minmay_lair_entry_grove,
          serial_shops, nicolae_shop_crystal, nicolae_shop_statue_plus,
          small_chamber_with_monster
D:9:      layout_gridville, gammafunk_ghost_icy, minmay_misc_feat_more_columns,
          grunt_ministairs_1, uniq_psyche, uniq_pikel
D:10:     layout_basic, mainiacjoe_overflow_tiny_flanked, orc_0_dummy,
          serial_shops, nicolae_shop_crystal, grunt_decor_resistance
D:11:     layout_basic, kennysheep_nondescript, minmay_nine_imps
D:12:     layout_basic, serial_shops, shop, serial_bayou_pond_e,
          minmay_rotating_lava
D:13:     layout_layer_cave, gammafunk_ghost_grave
D:14:     layout_grid_maze, lightli_vaults_fourway_checkpoint, enter_bailey_5,
          minivault_26, minivault_20, eino_house_with_fridge
Lair:1:   layout_cave_pods, grunt_megastairs_5, lemuel_fruit_fields,
          lemuel_fruit_fields
Lair:2:   layout_long_grid, minmay_shoals_entry_hut, fungi_pond_lemuel,
          nicolae_quartered_pool_super, wad_woods_02
Lair:3:   layout_chaotic_city, nicolae_spider_entry_non_spiders,
          gammafunk_ghost_wrathful_warriors
Lair:4:   layout_regular_city, gammafunk_ghost_grave
Lair:5:   layout_long_grid, serial_rivers, chequers_serial_rivers_micro_b,
          chequers_serial_rivers_large_b, chequers_serial_rivers_micro_b,
          chequers_serial_rivers_micro_d, serial_bayou_shore_b,
          serial_bayou_shore_b
Lair:6:   wormcave, layout_cave_pods, dpeg_slime_entry_enclosed_altar,
          enter_volcano_3, gauntlet_entry_generic
Orc:1:    layout_diamond_mine
Orc:2:    pf_orc_diabolical, layout_caves, guppyfry_orc_lava_fort

Skill      XL: |  1  2  3  4  5  6  7  8  9 10 11 12 13 14 15 |
---------------+----------------------------------------------+-----
Fighting       | 4 5 7 10 12 14 15 16 | 16.7
Axes           | 4 5 6 7 8 9 11 12 13 15 16 | 16.4
Dodging        | 2 3 4 5 6 7 |  7.0
Stealth        | 1 2 3 4 |  4.2
Armour         | 2 4 5 7 8 9 10 | 10.9
Evocations     | 1 3 4 6 7 8 |  8.3
Shields        | 2 4 |  4.0
Unarmed Combat | |  0.5

Action                   |  1- 3 |  4- 6 |  7- 9 | 10-12 | 13-15 || total
-------------------------+-------+-------+-------+-------+-------++-------
Melee: Hand axe          |    87 |   177 |   302 |   389 |    29 ||   984
       Tailslap          |    10 |    26 |    42 |    78 |   144 ||   300
       Unarmed           |       |       |       |     4 |       ||     4
       Executioner's axe |       |       |       |   160 |   418 ||   578
       War axe           |       |       |       |       |   266 ||   266
       Broad axe         |       |       |       |       |    14 ||    14
Invok: Berserk           |     3 |     3 |    15 |    21 |    23 ||    65
       Trog's Hand       |       |     1 |     1 |       |     2 ||     4
       Brothers in Arms  |       |       |       |       |     1 ||     1
 Abil: Rolling Charge    |       |     1 |     2 |     5 |     1 ||     9
Evoke: Wand              |       |       |       |     4 |       ||     4
  Use: Scroll            |     1 |     2 |    14 |    12 |    12 ||    41
       Potion            |       |       |     1 |     1 |     4 ||     6
 Stab: Sleeping          |     1 |     1 |     1 |       |     1 ||     4
       Distracted        |       |     1 |     2 |       |     3 ||     6
       Confused          |       |       |       |     2 |       ||     2
       Petrified         |       |       |       |       |     2 ||     2
       Petrifying        |       |       |       |       |     1 ||     1
Armor: Animal skin       |    34 |    82 |    63 |       |       ||   179
       Leather armour    |       |       |    84 |       |       ||    84
       Ring mail         |       |       |     6 |   292 |   186 ||   484
       Skin              |       |       |       |     6 |       ||     6
       Ice dragon scales |       |       |       |       |   260 ||   260
Dodge: Dodged            |    38 |    69 |   114 |   263 |   303 ||   787
Block: Other             |       |       |       |       |    64 ||    64
       Buckler           |       |       |       |       |   134 ||   134
       Reflection        |       |       |       |       |    36 ||    36

Table legend: (Time is in decaauts)
 A = Elapsed time spent in this place.
 B = Non-inter-level travel time spent in this place.
 C = Inter-level travel time spent in this place.
 D = Time resting spent in this place.
 E = Time spent auto-exploring this place.
 F = Levels seen in this place.
 G = Mean time per level.
                   A        B        C        D        E       F      G
               +--------+--------+--------+--------+--------+-----+--------+
         Total |  34593 |  31882 |   2711 |  10515 |  16986 |  24 | 1441.4 |
       Dungeon |  17851 |  16649 |   1202 |   4474 |   9891 |  14 | 1275.1 |
          Lair |  11747 |  10860 |    887 |   4075 |   5464 |   6 | 1957.8 |
  Orcish Mines |   4114 |   3494 |    620 |   1791 |   1118 |   2 | 2057.0 |
         Sewer |    227 |    227 |      0 |     44 |    109 |   1 |  227.0 |
        Bailey |    652 |    652 |      0 |    129 |    404 |   1 |  652.0 |
               +--------+--------+--------+--------+--------+-----+--------+

Top non-repeatable levels by time:
   Orc:2: 3082 daAuts
  Lair:6: 2735 daAuts
  Lair:5: 2637 daAuts
     D:7: 2268 daAuts
  Lair:3: 2196 daAuts
    D:14: 1840 daAuts
  Lair:1: 1568 daAuts
    D:13: 1539 daAuts
     D:9: 1488 daAuts
     D:5: 1435 daAuts
    D:10: 1420 daAuts
  Lair:2: 1418 daAuts
     D:8: 1276 daAuts
  Lair:4: 1191 daAuts
     D:1: 1150 daAuts
